 Dungeon Crawl Stone Soup version 0.29.1-15-g9cfb28693d (webtiles) character file.

Game seed: 12197269492605571972

35760 BlackCrag the Eclecticist (level 13, 0/63 HPs)
             Began as a Deep Elf Earth Elementalist on Mar 10, 2023.
             Was a High Priest of Vehumet.
             Succumbed to Nessos's poison
             ... on level 3 of the Lair of Beasts on Mar 11, 2023.
             The game lasted 02:36:15 (21216 turns).

BlackCrag the Eclecticist (DEEE)                   Turns: 21216, Time: 02:36:16

Health: 0/63       AC: 12    Str:  5    XL:     13   Next: 49%
Magic:  26/34      EV: 14    Int: 29    God:    Vehumet [*****.]
Gold:   547        SH:  0    Dex: 21    Spells: 7/42 levels left

rFire   . . .      SeeInvis +   O - staff of earth
rCold   . . .      Faith    +   (no shield)
rNeg    + . .      Spirit   .   A - +2 robe {rN+}
rPois   .          Reflect  .   m - +2 helmet {SInv}
rElec   .          Harm     .   u - +0 cloak
rCorr   .          Rampage  .   C - +0 pair of gloves
Will    +....                   D - +2 pair of boots
Stlth   +++.......              s - amulet of faith
HPRegen 0.20/turn               p - ring of the Narrow God {Wiz Int+3}
MPRegen 0.24/turn               r - +6 ring of dexterity

@: lethally poisoned (0 -> -18)
A: no striking features
a: Renounce Religion


You were on level 3 of the Lair of Beasts.
You worshipped Vehumet.
Vehumet was extremely pleased with you.
You visited 4 branches of the dungeon, and saw 17 of its levels.
You also visited: Sewer.

You collected 1605 gold pieces.
You spent 1058 gold pieces at shops.

Inventory:

Hand Weapons
 b - a +6 halberd of protection
 B - the +5 battleaxe of Fedhas's Delight {venom, rPois Stlth+}
   (You found it on level 7 of the Dungeon)

   It poisons the flesh of those it strikes.
   rPois:     It protects you from poison.
   Stlth:     It makes you more stealthy.
Armour
 m - a +2 helmet of see invisible (worn)
 u - a +0 cloak (worn)
 A - a +2 robe of positive energy (worn)
 C - a +0 pair of gloves (worn)
 D - a +2 pair of boots (worn)
 L - the +0 robe "Geics" {+Inv}
   (You bought it in a shop on level 2 of the Orcish Mines)

   +Inv:      It lets you turn invisible.
Magical Staves
 O - a staff of earth (weapon)
Jewellery
 p - the ring of the Narrow God (left hand) {Wiz Int+3}
   (You found it on level 3 of the Dungeon)

   [ring of wizardry]

   It improves your spell success rate.
   Int:       It affects your intelligence (+3).
 r - a +6 ring of dexterity (right hand)
 s - an amulet of faith (around neck)
 x - a ring of fire
 y - a ring of see invisible
 I - a ring of positive energy
 S - an amulet of magic regeneration
Wands
 j - a wand of light (2)
 k - a wand of flame (7)
 n - a wand of charming (12)
 z - a wand of roots (8)
 E - a wand of polymorph (3)
 F - a wand of mindburst (5)
 J - a wand of digging (9)
Scrolls
 e - 3 scrolls of poison
 h - 4 scrolls of magic mapping
 l - a scroll of immolation
 o - 3 scrolls of noise {unknown}
 t - 2 scrolls of vulnerability
 v - a scroll of amnesia
 w - a scroll of fear {unknown}
 G - 2 scrolls of torment
 H - 2 scrolls of teleportation
 M - a scroll of summoning {unknown}
 N - a scroll of fog
 R - a scroll of blinking
 T - a scroll of identify
Potions
 a - 3 potions of heal wounds
 c - 3 potions of resistance
 d - 2 potions of ambrosia
 f - a potion of flight
 g - 3 potions of invisibility
 i - 8 potions of curing
 q - a potion of brilliance
 K - a potion of cancellation {unknown}
 P - 4 potions of haste
Miscellaneous
 Q - a phial of floods


   Skills:
 + Level 3.8 Dodging
 + Level 4.8 Stealth
 + Level 15.3 Spellcasting
 * Level 11.1 Conjurations
 + Level 5.0 Hexes
 * Level 5.8 Summonings
 * Level 6.7 Transmutations
 * Level 6.3 Fire Magic
 + Level 0.9 Ice Magic
 + Level 1.1 Air Magic
 * Level 14.4 Earth Magic
 + Level 3.1 Evocations


You had 7 spell levels left.
You knew the following spells:

 Your Spells              Type           Power      Damage    Failure   Level
a - Sandblast             Erth           100%       2d20      0%          1
b - Passwall              Tmut/Erth      75%        N/A       1%          2
c - Stone Arrow           Conj/Erth      100%       3d13      1%          3
d - Petrify               Tmut/Erth      90%        N/A       1%          4
e - Leda's Liquefaction   Hex/Erth       43%        N/A       1%          4
f - Swiftness             Air            28%        N/A       1%          3
g - Shock                 Conj/Air       100%       1d9       1%          1
h - Summon Mana Viper     Hex/Summ       52%        N/A       2%          5
i - Foxfire               Conj/Fire      100%       2x1d9     1%          1
j - Inner Flame           Hex/Fire       53%        N/A       1%          3
k - Frozen Ramparts       Ice            54%        1d9       1%          3
l - Lee's Rapid Deconstr  Erth           51%        3d25*     1%          5

Your spell library contained the following spells:

 Spells                   Type           Power      Damage    Failure   Level
 Apportation              Tloc           44%        N/A       1%          1
 Freeze                   Ice            100%       1d11      1%          1
 Summon Small Mammal      Summ           100%       N/A       1%          1
 Ensorcelled Hibernation  Hex/Ice        78%        N/A       1%          2
 Searing Ray              Conj           100%       2d8       1%          2
 Static Discharge         Conj/Air       55%        3-10/arc  1%          2
 Call Canine Familiar     Summ           54%        N/A       1%          3
 Ignite Poison            Fire/Tmut/Pois 47%        N/A       1%          3
 Mephitic Cloud           Conj/Pois/Air  46%        N/A       1%          3
 Portal Projectile        Hex/Tloc       72%        N/A       1%          3
 Summon Guardian Golem    Hex/Summ       52%        N/A       1%          3
 Tukima's Dance           Hex            51%        N/A       1%          3
 Cause Fear               Hex            25%        N/A       1%          4
 Hailstorm                Conj/Ice       55%        3d12      1%          4
 Blade Hands              Tmut           28%        N/A       1%          5
 Freezing Cloud           Conj/Ice/Air   23%        6-21      1%          5
 Irradiate                Conj/Tmut      32%        3d22      1%          5
 Summon Ice Beast         Ice/Summ       41%        N/A       2%          4
 Alistair's Intoxication  Tmut/Pois      27%        N/A       6%          5
 Dragon Form              Tmut           28%        N/A       41%         7
 Monstrous Menagerie      Summ           27%        N/A       52%         7


Dungeon Overview and Level Annotations

Branches:
Dungeon (10/15)            Temple (1/1) D:5            Lair (4/5) D:8
 Shoals (0/4) Lair:2        Snake (0/4) Lair:3          Orc (2/2) D:9
    Elf (0/3) Orc:2         Sewer (visited)
  Slime: Lair:4-5

Altars:
Ashenzari
Cheibriados
Dithmenos
Elyvilon
Fedhas
Gozag
Hepliaklqana
Kikubaaqudgha
Makhleb
Nemelex Xobeh
Okawaru
Qazlal
Sif Muna
Trog
Uskayaw
Vehumet
Wu Jian
Xom
Yredelemnul
Zin
The Shining One

Shops:
D:2 (   D:7 *   D:8 ([(   Orc:1 !   Orc:2 ?!![

Annotations:
D:3 exclusion: oklob plant
Lair:1 1 runed translucent door, MrZuerg's ghost, journeyman GrEE
Lair:4 Nessos


Message History

The wolf is almost dead.
The blast of petrified fragments hits the wolf!!
You kill the wolf!
Vehumet accepts your kill.
You feel your power returning.
Nessos shouts!
The wolf howls!
A wolf comes into view.
Nessos gestures wildly while chanting.
Nessos blinks!
A wolf comes into view.
The wolf howls!
Nessos gestures wildly while chanting.
Nessos blinks!
Nessos mumbles some strange words.
Nessos seems to speed up.
There is a stone staircase leading up here.
Aiming: Stone Arrow (safe; 1% risk of failure)
Press: ? - help, Q - select action, (/) - cycle Shift-Dir - straight line, f - bullfrog
Aim: a bullfrog (72% to hit)
You feel a surge of power!
The stone arrow hits the bullfrog!!
The bullfrog is almost dead.
The wolf howls!
Nessos stands on their hind legs for a moment.
Nessos wields a +1 longbow of flaming.
It bursts into flame!
Nessos shoots an arrow.
The arrow hits you! The arrow burns you!
You are poisoned.
The wolf pauses to sniff the ground.
Nessos shoots an arrow.
The arrow hits you! The arrow burns you.
You are more poisoned.
You feel better.
A nearby fungus withers and dies.
The bullfrog misses you.
Nessos shoots an arrow.
The arrow hits you! The arrow burns you.
You are lethally poisoned!
* * * LOW HITPOINT WARNING * * *
The bullfrog hits you but does no damage.
* * * LOW HITPOINT WARNING * * *
You feel very sick. The bullfrog closely misses you. The wolf bites you.
* * * LOW HITPOINT WARNING * * *
You climb upwards.
You die...

.......P((..#
####....รท.......
...#........#
####...#....>
P...#P.....######
####.#....
................###
###....
...>..............#####
#..#.
.................P#...#
###...#
........P............##
#....##
.................F#.##
#....#
.........##.....@#...##
#...###
........###.....h.....#
###..#.##
........###.........###
#....####
........P##......P.##
##....###
.........##......+.#
#........
........##.......###
##...#.##
........P#####.###
###.##### .'########
### #....# #..# ####..#


You could see a wolf and a bullfrog.

Vanquished Creatures
  Kirke (Lair:3)
  A hydra (Lair:1)
  A boulder beetle (Lair:2)
  Erica (D:8)
  A two-headed ogre (D:9)
  Urug (Orc:2)
  4 orc high priests (Orc:2)
  Pikel (D:8)
  2 orc sorcerers
  A cyclops (Orc:1)
  6 elephants
  4 black mambas (Lair:3)
  9 cane toads
  Maggie (D:6)
  A rime drake (Lair:1)
  3 komodo dragons
  3 polar bears
  2 trolls (Orc:2)
  2 hornets
  16 blink frogs
  Prince Ribbit (D:6)
  Grinder (D:4)
  A human (Lair:3)
  2 wyverns
  33 yaks
  3 basilisks
  2 steam dragons
  5 hogs (Lair:3)
  17 water moccasins
  10 orc warriors
  2 black bears
  7 ogres
  2 wolves (Lair:4)
  2 centaurs
  A phantom (D:6)
  2 kobold brigands (D:8)
  4 scorpions
  2 gnoll sergeants
  13 bullfrogs
  3 wights (D:9)
  7 howler monkeys
  An electric eel (Lair:1)
  3 jellies
  4 hounds
  18 orc priests
  4 iguanas
  31 orc wizards
  10 gnolls
  13 adders
  2 white imps
  2 ufetubi
  5 dart slugs
  36 orcs
  10 endoplasms
  9 giant cockroaches
  6 goblins
  3 hobgoblins
  8 quokkas
  8 ball pythons
  8 bats
  14 frilled lizards
  18 kobolds
  5 rats
399 creatures vanquished.

Vanquished Creatures (collateral kills)
  Jorgrun (Orc:1)
  2 elephants (Lair:1)
  2 orc warriors
  A bullfrog (Lair:1)
  2 orcs (Orc:1)
8 creatures vanquished.

Vanquished Creatures (others)
  A yak (Lair:1)
  62 foxfires
  41 fungi
  65 plants
169 creatures vanquished.

Grand Total: 576 creatures vanquished

Notes
Turn   | Place    | Note
-------+----------+-------------------------------------------
     0 | D:1      | BlackCrag the Deep Elf Earth Elementalist began the quest
                  | for the Orb.
     0 | D:1      | Reached XP level 1. HP: 10/10 MP: 6/6
   147 | D:1      | Reached XP level 2. HP: 15/15 MP: 6/8
   150 | D:1      | Learned a level 2 spell: Passwall
   355 | D:1      | Found a faded altar of an unknown god.
   876 | D:2      | Reached XP level 3. HP: 19/19 MP: 7/9
   880 | D:2      | Learned a level 3 spell: Stone Arrow
  1355 | D:2      | Found Notsiuma's Antique Weapon Boutique.
  1559 | D:2      | Reached skill level 4 in Spellcasting
  2316 | D:3      | Found a glowing drain.
  2332 | D:3      | Reached XP level 4. HP: 24/24 MP: 8/12
  2336 | D:3      | Reached skill level 5 in Earth Magic
  2341 | Sewer    | Entered a sewer
  2390 | Sewer    | Learned a level 4 spell: Petrify
  2490 | Sewer    | Reached skill level 5 in Spellcasting
  2507 | Sewer    | Reached XP level 5. HP: 28/28 MP: 8/14
  2789 | Sewer    | Learned a level 4 spell: Leda's Liquefaction
  2907 | Sewer    | Identified the +5 battleaxe "Zodischass" {vorpal, *Slow rF-
                  | rCorr Str+9}
  3084 | D:3      | Found a blossoming altar of Fedhas.
  3103 | D:3      | Noticed an oklob plant
  3177 | D:3      | Identified the ring of the Narrow God {Wiz Int+3}
  3945 | D:4      | Noticed an ogre
  3951 | D:4      | Killed an ogre
  3952 | D:4      | Reached skill level 6 in Spellcasting
  3952 | D:4      | Reached skill level 1 in Conjurations
  3952 | D:4      | Reached XP level 6. HP: 32/32 MP: 6/17
  4060 | D:4      | Learned a level 3 spell: Swiftness
  4497 | D:4      | Noticed Grinder
  4559 | D:4      | Killed Grinder
  4560 | D:4      | Reached skill level 7 in Spellcasting
  4560 | D:4      | Reached XP level 7. HP: 36/36 MP: 11/19
  4636 | D:5      | Entered Level 5 of the Dungeon
  5104 | D:5      | Found a staircase to the Ecumenical Temple.
  5109 | Temple   | Entered the Ecumenical Temple
  5559 | D:5      | Reached skill level 8 in Spellcasting
  6296 | D:6      | Reached XP level 8. HP: 41/41 MP: 9/22
  6604 | D:6      | Noticed Prince Ribbit
  6612 | D:6      | Killed Prince Ribbit
  6613 | D:6      | Reached skill level 9 in Spellcasting
  6796 | D:6      | Noticed a hornet
  6883 | D:6      | Noticed Eustachio
  6886 | D:6      | Noticed Eustachio
  6886 | D:6      | Eustachio changed into Eustachio the centaur
  6889 | D:6      | Killed Eustachio the centaur
  7210 | D:6      | Noticed Maggie
  7289 | D:6      | Killed Maggie
  7290 | D:6      | Reached skill level 10 in Spellcasting
  7533 | D:6      | a hornet changed into a steam dragon
  7540 | D:6      | Reached XP level 9. HP: 45/45 MP: 5/25
  7803 | D:6      | Reached skill level 5 in Conjurations
  8778 | D:7      | Found a glowing golden altar of the Shining One.
  8779 | D:7      | Found a radiant altar of Vehumet.
  8785 | D:7      | Reached skill level 11 in Spellcasting
  8968 | D:7      | Became a worshipper of Vehumet
  9260 | D:7      | Found Jufib's General Store.
  9297 | D:7      | Identified the +5 battleaxe of Fedhas's Delight {venom,
                  | rPois Stlth+}
  9905 | D:8      | Found Mubin's Weapon Boutique.
  9914 | D:8      | Noticed Maurice
  9922 | D:8      | Noticed Maurice
  9922 | D:8      | Maurice changed into Maurice the jelly
  9923 | D:8      | Killed Maurice the jelly
  9927 | D:8      | Reached skill level 1 in Evocations
  9945 | D:8      | Noticed a komodo dragon
 10078 | D:8      | Reached skill level 1 in Hexes
 10143 | D:8      | Found Kisot's Armour Shoppe.
 10154 | D:8      | Bought a +1 helmet of see invisible for 214 gold pieces
 10177 | D:8      | Noticed Erica
 10181 | D:8      | Killed Erica
 10182 | D:8      | Reached skill level 10 in Earth Magic
 10182 | D:8      | Reached XP level 10. HP: 50/50 MP: 17/27
 10392 | D:8      | Found Fytit's Weapon Boutique.
 10469 | D:8      | Noticed Pikel
 10472 | D:8      | Killed Pikel
 10750 | D:8      | Found a staircase to the Lair.
 10825 | D:8      | Found a hide-covered altar of Uskayaw.
 11086 | D:9      | Found a shimmering blue altar of Sif Muna.
 11310 | D:9      | Found a staircase to the Orcish Mines.
 11334 | D:9      | Reached * piety under Vehumet
 11334 | D:9      | Offered knowledge of Shock by Vehumet.
 11348 | D:9      | Reached skill level 12 in Spellcasting
 11466 | D:8      | Learned a level 1 spell: Shock
 11587 | D:9      | Found an opulent altar of Gozag.
 11609 | D:9      | Noticed a two-headed ogre
 11613 | D:9      | Killed a two-headed ogre
 12253 | D:10     | Entered Level 10 of the Dungeon
 12452 | Orc:1    | Entered Level 1 of the Orcish Mines
 12470 | Orc:1    | Found Sola's Distillery.
 12495 | Orc:1    | Noticed an orc sorcerer
 12498 | Orc:1    | Paralysed by an orc sorcerer for 2 turns
 12505 | Orc:1    | Killed an orc sorcerer
 12506 | Orc:1    | Reached XP level 11. HP: 54/54 MP: 14/29
 12611 | Orc:1    | Learned a level 5 spell: Summon Mana Viper
 12883 | Orc:1    | Reached ** piety under Vehumet
 12883 | Orc:1    | Offered knowledge of Foxfire by Vehumet.
 12891 | Orc:1    | Learned a level 1 spell: Foxfire
 13110 | Orc:2    | Entered Level 2 of the Orcish Mines
 13249 | Orc:2    | Noticed an orc high priest
 13256 | Orc:2    | Killed an orc high priest
 13587 | Orc:2    | Reached skill level 13 in Spellcasting
 13697 | Orc:2    | Reached skill level 1 in Summonings
 13884 | Orc:2    | Reached skill level 1 in Fire Magic
 13889 | Orc:2    | Noticed an orc sorcerer
 13891 | Orc:2    | Paralysed by an orc sorcerer for 3 turns
 13900 | Orc:2    | Paralysed by an orc sorcerer for 4 turns
 14009 | Orc:2    | Killed an orc sorcerer
 14012 | Orc:2    | Noticed Urug
 14088 | Orc:2    | Noticed an orc high priest
 14094 | Orc:2    | Killed an orc high priest
 14094 | Orc:2    | Offered knowledge of Conjure Flame by Vehumet.
 14282 | Orc:2    | Noticed an orc high priest
 14282 | Orc:2    | Noticed an orc high priest
 14290 | Orc:2    | Noticed a soul eater
 14303 | Orc:2    | Killed an orc high priest
 14303 | Orc:2    | Reached *** piety under Vehumet
 14307 | Orc:2    | Killed an orc high priest
 14439 | Orc:2    | Found a staircase to the Elven Halls.
 14470 | Orc:2    | Killed Urug
 14586 | Orc:2    | Found Sofycs's Distillery.
 14586 | Orc:2    | Found Loipse's Magic Scroll Emporium.
 14589 | Orc:2    | Found Sanearph's Distillery.
 14591 | Orc:2    | Found Virghu's Antique Armour Shoppe.
 14598 | Orc:2    | Bought a pair of glowing boots for 172 gold pieces
 14606 | Orc:2    | Bought a tattered robe for 131 gold pieces
 14606 | Orc:2    | Identified the +0 robe "Geics" {+Inv} (You bought it in a
                  | shop on level 2 of the Orcish Mines)
 14609 | Orc:2    | Bought a potion of heal wounds for 55 gold pieces
 14609 | Orc:2    | Bought a potion of curing for 33 gold pieces
 14609 | Orc:2    | Bought a potion of curing for 33 gold pieces
 14610 | Orc:2    | Bought a scroll of fog for 56 gold pieces
 14610 | Orc:2    | Bought a scroll of identify for 28 gold pieces
 14970 | Orc:2    | Offered knowledge of Inner Flame by Vehumet.
 15006 | Orc:2    | Learned a level 3 spell: Inner Flame
 15102 | Orc:1    | Noticed Jorgrun
 15111 | Orc:1    | Killed Jorgrun
 15112 | Orc:1    | Reached skill level 5 in Hexes
 15112 | Orc:1    | Reached skill level 5 in Transmutations
 15815 | Orc:2    | Bought a scroll of identify for 28 gold pieces
 15815 | Orc:2    | Bought a scroll of identify for 28 gold pieces
 15816 | Orc:2    | Bought a potion of resistance for 140 gold pieces
 15816 | Orc:2    | Bought a potion of heal wounds for 70 gold pieces
 15816 | Orc:2    | Bought a potion of heal wounds for 70 gold pieces
 15935 | Lair:1   | Entered Level 1 of the Lair of Beasts
 15993 | Lair:1   | Reached XP level 12. HP: 59/59 MP: 22/31
 16093 | Lair:1   | Reached skill level 14 in Spellcasting
 16592 | Lair:1   | Learned a level 3 spell: Frozen Ramparts
 16638 | Lair:1   | Reached skill level 10 in Conjurations
 16661 | Lair:1   | Reached **** piety under Vehumet
 17133 | Lair:1   | Offered knowledge of Lee's Rapid Deconstruction by Vehumet.
 17166 | Lair:1   | Learned a level 5 spell: Lee's Rapid Deconstruction
 17180 | Lair:1   | Noticed a five-headed hydra
 17203 | Lair:1   | Killed a five-headed hydra
 17204 | Lair:1   | Reached skill level 1 in Air Magic
 17378 | Lair:1   | Found a runed translucent door.
 17379 | Lair:1   | Found a shimmering altar of Xom.
 17379 | Lair:1   | Noticed MrZuerg's ghost (journeyman GrEE)
 18259 | Lair:2   | Found a staircase to the Shoals.
 18493 | Lair:2   | Reached skill level 5 in Summonings
 18763 | Lair:2   | Got the Lessons on Damage Dealing and Interference
 18768 | Lair:2   | Noticed a boulder beetle
 18775 | Lair:2   | Killed a boulder beetle
 18795 | Lair:2   | Reached ***** piety under Vehumet
 18799 | Lair:2   | Reached skill level 5 in Fire Magic
 18958 | Lair:2   | Offered knowledge of Irradiate by Vehumet.
 19055 | Lair:2   | Reached XP level 13. HP: 63/63 MP: 13/33
 19927 | Lair:3   | Reached skill level 15 in Spellcasting
 20735 | Lair:3   | Found a staircase to the Snake Pit.
 21044 | Lair:3   | Noticed Kirke
 21053 | Lair:3   | Killed Kirke
 21210 | Lair:4   | Noticed Nessos
 21216 | Lair:3   | Succumbed to Nessos's poison

Illustrated notes

Levels and vault maps discovered:
D:1:      minmay_arrival_jagged, layout_rooms,
          shapermc_ecumenical_altar_mp_ritualfount, roderic_nine_men_s_morris
D:2:      layout_basic, serial_shops, shop, roderic_serpentine_path,
          minivault_19
D:3:      layout_loops_corners, tgw_fedhas, gup_sewer_entry_glass,
          serial_park_tiny_pond
D:4:      layout_rooms, serial_park_tiny_1, uniq_grinder
D:5:      layout_loops_ring, temple_doors_ab, nrook_mini_vaults
D:6:      layout_cave_pods, hangedman_decor_clover_reticule, uniq_eustachio,
          uniq_maggie, uniq_prince_ribbit1
D:7:      layout_layer_cave, mainiacjoe_overflow_brackets, lemuel_crystal_altar,
          serial_shops, shop
D:8:      layout_rooms, kennysheep_mini, grunt_lair_entry_orc_guard_hut,
          serial_shops, shop, nicolae_shop_waterfront, shop_statue, uniq_erica,
          uniq_pikel, uniq_maurice
D:9:      layout_rooms, mainiacjoe_overflow_alcove_4,
          nicolae_overflow_crystal_walls, orc_0_dummy
D:10:     layout_grid_maze, mainiacjoe_overflow_boulevard,
          kennysheep_generic_room_4
Temple:   regret_index_temple_generic_petals
Lair:1:   layout_loops_ring, ebering_ghost_xom, nicolae_quartered_pool_medium,
          lemuel_fruit_fields, grunt_megastairs_3, lemuel_fruit_fields
Lair:2:   layout_big_grid, shoals_dummy_entry, lemuel_fruit_fields,
          infiniplex_staircase_pool_2
Lair:3:   layout_roguey, minmay_snake_entry_six_corridors, lemuel_fruit_tree,
          uniq_kirke
Lair:4:   layout_long_grid, dpeg_slime_entry_corner, dreamdust_gnoll_shepherd,
          serial_bayou_shore_a, uniq_rupert, uniq_nessos
Orc:1:    layout_caves, serial_shops, shop, uniq_jorgrun
Orc:2:    st_orc_mages, layout_caves, uniq_urug

Skill      XL: |  1  2  3  4  5  6  7  8  9 10 11 12 13 |
---------------+----------------------------------------+-----
Earth Magic    | 4 5 6 7 8 10 11 12 13 14 | 14.4
Spellcasting   | 4 5 6 7 8 10 11 12 13 14 15 | 15.3
Conjurations   | 1 2 3 4 6 7 9 10 11 | 11.1
Stealth        | 3 4 |  4.8
Transmutations | 2 3 5 6 |  6.7
Evocations     | 1 2 3 |  3.1
Hexes          | 2 4 5 |  5.0
Dodging        | 3 |  3.8
Summonings     | 3 5 |  5.8
Fire Magic     | 3 5 6 |  6.3
Air Magic      | 1 |  1.1
Ice Magic      | |  0.9

Action                   |  1- 3 |  4- 6 |  7- 9 | 10-12 | 13-15 || total
-------------------------+-------+-------+-------+-------+-------++-------
Melee: Whip              |       |       |     4 |       |       ||     4
       Halberd           |       |       |     2 |     3 |       ||     5
 Cast: Sandblast         |    59 |    34 |    12 |    19 |     4 ||   128
       Passwall          |     6 |     1 |     3 |     4 |       ||    14
       Stone Arrow       |       |    38 |   118 |   296 |    70 ||   522
       Petrify           |       |     4 |    19 |    47 |     8 ||    78
       Leda's Liquefacti |       |       |     3 |     1 |       ||     4
       Swiftness         |       |       |     1 |     3 |       ||     4
       Shock             |       |       |       |    30 |     8 ||    38
       Foxfire           |       |       |       |    37 |     3 ||    40
       Summon Mana Viper |       |       |       |    12 |       ||    12
       Lee's Rapid Decon |       |       |       |    17 |    12 ||    29
       Frozen Ramparts   |       |       |       |     1 |     3 ||     4
       Inner Flame       |       |       |       |     1 |     2 ||     3
Evoke: Wand              |       |       |     5 |    23 |       ||    28
  Use: Scroll            |     2 |     5 |    10 |    13 |       ||    30
       Potion            |       |     1 |     1 |     3 |     1 ||     6
 Stab: Petrified         |       |       |     3 |       |       ||     3
Armor: Robe              |     3 |     1 |     3 |    20 |     9 ||    36
Dodge: Dodged            |     2 |    12 |    19 |    44 |     8 ||    85
